 Dungeon Crawl Stone Soup version 0.24.0-123-gd5b16e6ec5 (webtiles) character file.

Game seed: 6429782249129043644, levelgen mode: deterministic

13084 Goreval the Markscentaur (level 11, -3/222 HPs)
             Began as a Centaur Hunter on Dec 18, 2019.
             Was an Elder of Ru.
             Slain by a fire bat (6 damage)
             ... on level 10 of the Dungeon.
             The game lasted 00:23:54 (18137 turns).

Goreval the Markscentaur (Centaur Hunter)          Turns: 18137, Time: 00:23:54

Health: -3/222     AC: 25    Str: 23    XL:     11   Next: 70%
Magic:  9/9        EV:  1    Int: 10    God:    Ru [****..]
Gold:   605        SH:  0    Dex: 10    Spells: 10/10 levels left

rFire    . . .     SeeInvis .   b - +0 short sword
rCold    . . .     Gourm    +   (no shield)
rNeg     + + +     Faith    .   (armour currently unavailable)
rPois    +         Spirit   .   (helmet currently unavailable)
rElec    .         Reflect  .   (cloak currently unavailable)
rCorr    .         Harm     .   (gloves currently unavailable)
MR       .....     NoTele   +   (no barding)
Stlth    ..........             v - amulet of the gourmand
HPRegen  0.47/turn              F - ring of stealth
MPRegen  0.11/turn              (no ring)

@: mighty, berserking, tree-form, drained, very quick
A: large, low mp 1, inability to use devices, inability to train dodging
a: Draw Out Power, Power Leap, Renounce Religion


You were on level 10 of the Dungeon.
You worshipped Ru.
Ru was greatly pleased with you.
You were not hungry.
You were a tree.
You visited 1 branch of the dungeon, and saw 10 of its levels.
You also visited: Sewer.

You collected 605 gold pieces.

Inventory:

Hand Weapons
 a - a +2 shortbow
 b - a +0 short sword (weapon)
Missiles
 d - 6 arrows
Armour
 c - the +1 scale mail "Poun Hick" (melded) {-Tele rCorr Dex+4}
   (You found it on level 8 of the Dungeon)

   It affects your dexterity (+4).
   It prevents most forms of teleportation.
   It provides partial protection from all sources of acid and corrosion.
 i - a +0 pair of gloves (melded)
 u - a +2 helmet (melded)
 w - a +1 scale mail of cold resistance
 D - a +0 cloak
 E - a +0 shield
 I - +0 acid dragon scales
Jewellery
 s - an uncursed amulet of harm
 v - an amulet of the gourmand (around neck)
 F - a ring of stealth (left branch)
Scrolls
 e - 2 scrolls of enchant armour
 g - 3 scrolls of teleportation
 h - 8 scrolls of remove curse
 j - 3 scrolls of enchant weapon
 l - a scroll of blinking {unknown}
 m - 8 scrolls of identify
 n - a scroll of immolation
 r - a scroll of fog
 y - a scroll of amnesia
 G - a scroll of magic mapping {unknown}
 H - a scroll of torment {unknown}
Potions
 k - 3 potions of flight
 o - 2 potions of lignification
 q - a potion of resistance {unknown}
 t - a potion of experience {unknown}
 x - a potion of curing {unknown}
 z - a potion of degeneration
 A - a potion of berserk rage
 B - a potion of might
Comestibles
 f - 11 rations


   Skills:
 + Level 10.0(8.9) Fighting
 * Level 17.2(15.9) Bows
 + Level 6.7(5.8) Armour
 - Level 0.4(0.0) Stealth


You had 10 spell levels left.
You didn't know any spells.
Your spell library contained the following spells:

 Spells                   Type           Power        Failure   Level  Hunger
 Magic Dart               Conj           #...         36%         1    ##.....
 Summon Butterflies       Summ           #.......     36%         1    ##.....
 Summon Small Mammal      Summ           #...         36%         1    ##.....
 Blink                    Tloc           N/A          50%         2    ###....
 Call Imp                 Summ           #.......     50%         2    ###....
 Slow                     Hex            #.......     50%         2    ###....
 Call Canine Familiar     Summ           #.......     75%         3    ####...
 Conjure Flame            Conj/Fire      #.......     75%         3    ####...
 Mephitic Cloud           Conj/Pois/Air  #.......     75%         3    ####...
 Summon Guardian Golem    Hex/Summ       #.......     75%         3    ####...
 Summon Ice Beast         Ice/Summ       #.......     98%         4    #####..
 Summon Lightning Spire   Summ/Air       #.......     98%         4    #####..
 Summon Mana Viper        Hex/Summ       #.......     100%        5    ######.
 Summon Hydra             Summ           #.........   100%        7    #######
 Dragon's Call            Summ           #.........   100%        9    #######


Dungeon Overview and Level Annotations

Branches:
Dungeon (10/15)            Temple (0/1) D:5            Lair (0/6) D:10
  Sewer (visited)
    Orc: D:9-12

Altars:
Fedhas
Ru
Sif Muna
Uskayaw
Yredelemnul
The Shining One

Shops:
D:4 (!!?(


Innate Abilities, Weirdness & Mutations

((You have hooves in place of feet.))
((Armour fits poorly on your strangely shaped body.))
((You cover ground very quickly.))
Your magical capacity is low. (-10% MP)
((You have extremely tough skin. (AC +3)))
You cannot study or use magical devices.
You cannot train Dodging skill.


Message History

* * * LOW HITPOINT WARNING * * *
You are engulfed in flames.
* * * LOW HITPOINT WARNING * * *
You are too berserk!
Unknown command.
You barely miss the fire bat.
The megabat hits you but does no damage.
The fire bat bites you but does no damage.
You puncture the fire bat!
The fire bat bites you but does no damage.
The wraith hits you but does no damage.
You hit the fire bat.
The fire bat bites you but does no damage.
Unknown command.
You closely miss the wraith.
The megabat seems to regain its courage.
The wraith hits you but does no damage. The fire bat bites you.
* * * LOW HITPOINT WARNING * * *
You are engulfed in flames.
You die...

........#.........#.......(......
÷.......#.........#......(†(....%
#.......#########'#.)(...........
'...................{(((.†.(.....
#...............####(####.((.....
#............######8†8# ####.....
#...........###...##'## #....
#........#####..b..#.# ###.
#.......###. #.♣.##(## #
#.......##... ##W##(..##'#
##...#####.⌠.###b...((...# #..#
#..W'#..###'###..# #.. #..## ...#
..# +.# #.b## ..... .. #.# .'....
._...' . #.## .b###..## ...b..##
##..# ##.. .b###


You could see a wraith, a fire bat and 2 megabats.

Vanquished Creatures
  Gastronok (D:9)
  Harold (D:8)
  A skeletal warrior (D:8)
  Pikel (D:7)
  Joseph (D:8)
  Maurice (D:10)
  A yaktaur (D:8)
  A troll (D:9)
  Prince Ribbit (D:9)
  2 hornets (D:10)
  2 hippogriffs
  A shadow (D:10)
  Sigmund (D:3)
  6 fire bats (D:10)
  4 yaks (D:10)
  2 basilisks
  Menkaure (D:7)
  An acid dragon (D:10)
  A porcupine (D:10)
  Duvessa (D:6)
  An ice beast (D:5)
  An orc warrior (D:8)
  A sky beast (D:5)
  2 slaves
  A black bear (D:8)
  2 necrophages
  3 phantoms
  6 ogres
  An eye of draining (D:9)
  3 centaurs
  3 crocodiles
  7 big kobolds
  A wyvern zombie (D:6)
  5 bullfrogs
  A gnoll sergeant (D:8)
  Dowan (D:6)
  3 scorpions
  2 killer bees (D:7)
  12 wights
  8 howler monkeys
  A lava snake (D:10)
  5 crimson imps
  2 quasits (D:7)
  A centaur zombie (D:5)
  3 hounds
  A centaur skeleton (D:9)
  3 orc priests
  A bullfrog zombie (D:5)
  7 jellies
  3 iguanas
  Ijyb (D:3)
  Natasha (thrice) (D:3)
  9 orc wizards
  4 worker ants
  A killer bee zombie (D:8)
  2 hound zombies
  2 mummies (D:8)
  Robin (D:3)
  12 adders
  8 gnolls
  4 shadow imps
  7 oozes
  An adder skeleton (D:5)
  6 worms
  A dart slug (D:1)
  7 leopard geckos
  16 orcs
  5 giant cockroaches
  17 goblins
  10 hobgoblins
  7 jackals
  29 kobolds
  4 quokkas
  3 ball pythons
  31 bats
  6 frilled lizards
  A jackal skeleton (D:5)
  2 leopard gecko skeletons
  A quokka zombie (D:8)
  12 rats
335 creatures vanquished.

Vanquished Creatures (others)
  2 slaves (D:7)
  A killer bee (D:7)
  An orc (D:4)
  2 bats (D:10)
  A bush (D:10)
  2 plants (D:10)
9 creatures vanquished.

Grand Total: 344 creatures vanquished

Notes
Turn   | Place    | Note
-------+----------+-------------------------------------------
     0 | D:1      | Goreval the Centaur Hunter began the quest for the Orb.
     0 | D:1      | Reached XP level 1. HP: 17/17 MP: 1/1
   197 | D:1      | Reached XP level 2. HP: 24/24 MP: 2/2
   344 | D:1      | Reached skill level 6 in Bows
   659 | D:2      | Found a blossoming altar of Fedhas.
   673 | D:2      | Reached XP level 3. HP: 29/30 MP: 3/3
  1034 | D:2      | Found a sacrificial altar of Ru.
  1248 | D:2      | Became a worshipper of Ru the Awakened
  1595 | D:3      | Noticed Robin
  1609 | D:3      | Reached XP level 4. HP: 14/37 MP: 4/4
  1964 | D:3      | Killed Robin
  1964 | D:3      | Reached skill level 7 in Bows
  2097 | D:3      | Noticed Sigmund
  2130 | D:3      | Killed Sigmund
  2130 | D:3      | Reached skill level 8 in Bows
  2130 | D:3      | Reached XP level 5. HP: 37/46 MP: 5/5
  2606 | D:3      | Reached XP level 6. HP: 35/52 MP: 6/6
  2801 | D:3      | Noticed Natasha
  2829 | D:3      | Killed Natasha
  2953 | D:3      | Noticed Ijyb
  2989 | D:3      | Killed Ijyb
  3284 | D:3      | Noticed Natasha
  3296 | D:3      | Killed Natasha
  3523 | D:3      | Noticed Natasha
  3531 | D:3      | Killed Natasha
  3531 | D:3      | Reached skill level 9 in Bows
  3771 | D:3      | Gained mutation: You cannot train Dodging skill. [Ru
                  | sacrifice]
  3771 | D:3      | Reached * piety under Ru
  4362 | D:4      | Found Ted Modd's Distillery.
  4362 | D:4      | Found Sumer's Weapon Shop.
  4362 | D:4      | Found Nuoten's Magic Scroll Shop.
  4362 | D:4      | Found Jisar's Distillery.
  4847 | D:4      | Found Zalamit's Weapon Shoppe.
  4851 | D:4      | Reached XP level 7. HP: 60/60 MP: 7/7
  5127 | D:4      | Reached skill level 1 in Armour
  5751 | D:5      | Entered Level 5 of the Dungeon
  5787 | D:5      | Found a glowing golden altar of the Shining One.
  6040 | D:5      | Found a staircase to the Ecumenical Temple.
  6122 | D:5      | Reached skill level 10 in Bows
  6168 | D:5      | Found a glowing drain.
  6172 | Sewer    | Entered a sewer
  6236 | Sewer    | Gained mutation: Your magical capacity is low. (-10% MP)
                  | [Ru sacrifice]
  6236 | Sewer    | Reached ** piety under Ru
  6281 | Sewer    | Reached skill level 5 in Fighting
  6963 | Sewer    | Reached XP level 8. HP: 54/69 MP: 7/7
  7588 | D:5      | Reached skill level 11 in Bows
  9427 | D:6      | Reached skill level 12 in Bows
  9637 | D:6      | Reached XP level 9. HP: 78/78 MP: 8/8
  9806 | D:6      | Found a shimmering blue altar of Sif Muna.
 10078 | D:7      | Noticed Duvessa
 10078 | D:7      | Noticed Dowan
 10078 | D:7      | Noticed Pikel
 10147 | D:6      | Killed Duvessa
 10148 | D:6      | Killed Dowan
 10278 | D:7      | Killed Pikel
 10278 | D:7      | Reached skill level 13 in Bows
 11064 | D:7      | Gained mutation: You cannot study or use magical devices.
                  | [Ru sacrifice]
 11064 | D:7      | Reached *** piety under Ru
 11064 | D:7      | Reached **** piety under Ru
 11177 | D:7      | Noticed Menkaure
 11183 | D:7      | Killed Menkaure
 11635 | D:7      | Reached skill level 14 in Bows
 11942 | D:8      | Reached XP level 10. HP: 88/88 MP: 9/9
 12065 | D:8      | Noticed Joseph
 12257 | D:8      | Killed Joseph
 12497 | D:8      | Noticed a skeletal warrior
 12596 | D:8      | Killed a skeletal warrior
 12596 | D:8      | Reached skill level 5 in Armour
 12920 | D:8      | Identified The Intricacies of Witchery
 13545 | D:8      | Got a crude scale mail
 13728 | D:8      | Reached skill level 15 in Bows
 13870 | D:8      | Noticed a cyclops
 15187 | D:9      | Noticed Gastronok
 15207 | D:9      | Killed Gastronok
 15207 | D:9      | Reached skill level 16 in Bows
 15207 | D:9      | Reached XP level 11. HP: 97/97 MP: 9/9
 15225 | D:9      | Identified the +1 scale mail "Poun Hick" {-Tele rCorr
                  | Dex+4} (You found it on level 8 of the Dungeon)
 15284 | D:9      | Noticed Prince Ribbit
 15318 | D:9      | Killed Prince Ribbit
 15506 | D:9      | Noticed Harold
 15826 | D:8      | Killed Harold
 16369 | D:10     | Entered Level 10 of the Dungeon
 16369 | D:10     | Noticed Maurice
 16528 | D:10     | Killed Maurice
 17030 | D:10     | Found a staircase to the Lair.
 17114 | D:10     | Paralysed by a hornet for 1 turns
 17958 | D:10     | Reached skill level 17 in Bows
 18085 | D:10     | Found a basalt altar of Yredelemnul.
 18108 | D:10     | Reached skill level 10 in Fighting
 18122 | D:10     | Found a hide-covered altar of Uskayaw.
 18125 | D:10     | HP: 4/99 [fire bat (5)]
 18133 | D:10     | HP: 9/222 [megabat (1)]
 18133 | D:10     | HP: 3/222 [fire bat (5)]
 18137 | D:10     | Slain by a fire bat

Levels and vault maps discovered:
D:1:      lemuel_arrival_room, layout_rooms
D:2:      layout_basic, nicolae_ru_the_path_less_chosen, fedhas_ov_isle_minmay
D:3:      layout_basic, first_ration, uniq_sigmund, uniq_natasha, uniq_ijyb,
          uniq_robin
D:4:      layout_loops_corners, serial_shops, nicolae_shop_statue_plus,
          grunt_ministairs_11, kennysheep_nub, minmay_shop_grid_forest,
          hangedman_decor_opposing
D:5:      layout_rooms, minmay_temple_entry_mini_moons, gup_sewer_entry_bowl,
          basic_altar
D:6:      layout_cave_pools, roderic_lattice_a, corexii_corridor_pit,
          led_sif_pool
D:7:      layout_basic, uniq_duvessa, uniq_menkaure, uniq_pikel
D:8:      minmay_cut_squares, layout_loops_corners, serial_undead,
          serial_undead_f, serial_undead_d, serial_undead_f, serial_undead_a,
          serial_undead_b, serial_undead_a, serial_undead_e, serial_undead_e,
          uniq_joseph
D:9:      layout_irregular_city, hangedman_little_slice_of_home,
          dk_noncrumbling_4, uniq_harold, uniq_prince_ribbit1, uniq_gastronok
D:10:     due_megacathedral, layout_irregular_city, minmay_lair_entry_grove,
          nicolae_trove_entry_columns, kennysheep_generic_room_4, uniq_maurice

Skill      XL: |  1  2  3  4  5  6  7  8  9 10 11 |
---------------+----------------------------------+-----
Bows           | 6 8 9 10 12 14 16 17 | 17.2
Fighting       | 3 4 5 6 7 9 10 | 10.0
Dodging        | 0 |  0.0
Armour         | 2 3 4 6 |  6.7
Stealth        | |  0.4

Action                   |  1- 3 |  4- 6 |  7- 9 | 10-12 || total
-------------------------+-------+-------+-------+-------++-------
Melee: Short sword       |    87 |   183 |   244 |    50 ||   564
       Kick              |    15 |    33 |    56 |    13 ||   117
 Fire: Shortbow          |    18 |    87 |   346 |   604 ||  1055
Invok: Sacrifice Nimblen |       |     1 |       |       ||     1
       Sacrifice Essence |       |       |     1 |       ||     1
       Sacrifice Artific |       |       |     1 |       ||     1
       Reject Sacrifices |       |       |       |     1 ||     1
       Draw Out Power    |       |       |       |     1 ||     1
       Power Leap        |       |       |       |     1 ||     1
  Use: Potion            |     2 |     1 |       |     5 ||     8
       Scroll            |       |       |    10 |     2 ||    12
  Eat: Chunk             |     1 |     9 |    16 |    11 ||    37
       Ration            |       |       |     1 |     2 ||     3
Armor: Scale mail        |    12 |       |   109 |   195 ||   316
       Ring mail         |    43 |    94 |   107 |       ||   244
       Skin              |       |     1 |       |     8 ||     9
Dodge: Dodged            |    58 |   101 |   139 |   118 ||   416
